AoeStats
← 福州大西瓜

MegaRandom

504453705Analyzed
4v4 RM · 26d ago on Sep 5, 2026· 67m 35s· 8 players
Game mode
Random Map
Map size
Large (8 player)
Population
200
Speed
Normal
Resources
Standard
Victory
Conquest
Starting age
Dark Age
Ending age
Imperial Age
RankedLock teamsTeams togetherTeam positionsShared explorationLock speedFull tech treeHidden civsTurbo modeCheats
Victory
Defeat
🇨🇳 Chinese · China
1369
+12
🇨🇳 Mongols · China
1305
+14
🇨🇳 Bohemians · China
1301
+14
🇨🇳 Poles · China
1135
+22
🇪🇸 Poles · Spain
1310
-17
🇯🇵 Khmer · Japan
1269
-16
🇩🇪 Japanese · Germany
1252
-15
🇹🇷 Magyars · Türkiye
1230
-14
Juanchan
6:23 Loom
11:28 Feudal Age
13:13 Bloodlines
21:10 Castle Age
20:15 Fletching
20:42 Forging
22:13 Double-Bit Axe
22:10 Horse Collar
23:37 Wheelbarrow
24:53 Scale Mail Armor
25:34 Bow Saw
32:36 Szlachta Privileges
39:59 Imperial Age
38:14 Szlachta Privileges
38:19 Gold Mining
39:11 Hand Cart
38:42 Town Watch
39:34 Husbandry
39:48 Scale Barding Armor
40:19 Iron Casting
41:14 Conscription
40:16 Cavalier
54:53 Lechitic Legacy
57:21 Town Patrol
61:09 Chain Barding Armor
61:51 Blast Furnace
62:44 Treadmill Crane
BondTrustee
7:49 Loom
10:11 Feudal Age
11:07 Double-Bit Axe
13:31 Fletching
20:16 Horse Collar
21:15 Wheelbarrow
24:47 Castle Age
24:02 Padded Archer Armor
25:40 Bodkin Arrow
26:06 Bow Saw
27:25 Leather Archer Armor
28:00 Gold Mining
45:50 Man-at-Arms
45:53 Pikeman
47:27 Scale Mail Armor
49:03 Squires
49:24 Chain Mail Armor
50:42 Forging
51:35 Heavy Plow
54:14 Iron Casting
59:06 Imperial Age
58:04 Arson
59:14 Halberdier
60:26 Plate Mail Armor
61:24 Blast Furnace
61:57 Conscription
64:17 Bracer
malikesterbal
10:57 Feudal Age
12:37 Loom
13:39 Double-Bit Axe
16:54 Horse Collar
22:51 Castle Age
21:08 Bloodlines
23:03 Light Cavalry
23:58 Husbandry
24:42 Wheelbarrow
27:50 Scale Barding Armor
27:56 Gold Mining
28:19 Bow Saw
31:47 Chain Barding Armor
37:36 Sanctity
37:30 Fervor
40:15 Hand Cart
46:16 Imperial Age
47:28 Gold Shaft Mining
48:38 Cavalier
49:40 Conscription
49:57 Paladin
53:22 Plate Barding Armor
bsd
3:26 Loom
10:13 Feudal Age
18:10 Castle Age
16:21 Double-Bit Axe
16:29 Horse Collar
18:12 Bloodlines
23:36 Wheelbarrow
24:17 Gold Mining
28:51 Scale Barding Armor
32:51 Imperial Age
30:35 Fletching
30:45 Padded Archer Armor
31:15 Scale Mail Armor
31:54 Forging
31:42 Stone Mining
32:23 Bow Saw
31:53 Pikeman
34:17 Murder Holes
36:02 Chain Mail Armor
37:30 Chain Barding Armor
38:04 Tusk Swords
38:26 Conscription
39:00 Hand Cart
38:30 Town Watch
40:08 Bodkin Arrow
41:52 Husbandry
42:28 Double Crossbow
43:07 Light Cavalry
44:57 Plate Barding Armor
44:38 Leather Archer Armor
45:51 Iron Casting
46:51 Gold Shaft Mining
45:47 Halberdier
50:31 Ballistics
51:40 Ring Archer Armor
51:12 Bracer
55:18 Blast Furnace
56:06 Heavy Scorpion
62:30 Arson
适才相戏尔
0:25 Loom
10:05 Feudal Age
10:43 Double-Bit Axe
11:18 Horse Collar
15:40 Gold Mining
21:33 Fletching
23:53 Castle Age
23:26 Padded Archer Armor
24:11 Crossbowman
24:48 Bodkin Arrow
25:04 Bow Saw
28:25 Wheelbarrow
28:10 Leather Archer Armor
29:44 Ballistics
33:15 Hand Cart
33:17 Thumb Ring
36:37 Imperial Age
37:21 Bracer
38:23 Chemistry
39:05 Ring Archer Armor
40:59 Conscription
41:13 Elite Chu Ko Nu
44:39 Two-Man Saw
45:17 Gold Shaft Mining
44:33 Stone Mining
46:19 Stone Shaft Mining
46:36 Heavy Plow
48:34 Coinage
49:24 Bloodlines
49:15 Husbandry
48:36 Light Cavalry
49:51 Town Watch
50:13 Scale Barding Armor
50:19 Forging
49:46 Cavalier
51:02 Banking
52:32 Chain Barding Armor
52:47 Iron Casting
54:16 Plate Barding Armor
53:41 Scale Mail Armor
56:15 Capped Ram
58:16 Blast Furnace
58:39 Caravan
59:31 Arrowslits
59:42 Murder Holes
59:58 Masonry
62:15 Siege Ram
福州大西瓜
7:31 Loom
10:33 Feudal Age
19:35 Castle Age
18:23 Double-Bit Axe
18:20 Horse Collar
21:50 Bow Saw
24:45 Wheelbarrow
25:52 Fletching
28:13 Heavy Plow
31:02 Hand Cart
34:40 Imperial Age
33:03 Gold Mining
33:25 Bodkin Arrow
33:30 Padded Archer Armor
34:58 Leather Archer Armor
35:07 Thumb Ring
35:51 Parthian Tactics
34:46 Heavy Cavalry Archer
35:52 Ballistics
36:24 Conscription
35:35 Heavy Cavalry Archer
37:17 Chemistry
37:29 Murder Holes
39:15 Hoardings
40:54 Masonry
41:45 Nomads
41:55 Bracer
42:16 Bloodlines
42:07 Husbandry
42:57 Town Watch
43:21 Scale Barding Armor
43:27 Forging
49:14 Heavy Camel Rider
50:15 Chain Barding Armor
50:54 Iron Casting
52:37 Light Cavalry
54:20 Blast Furnace
53:41 Siege Engineers
53:52 Hussar
61:26 Gold Shaft Mining
60:42 Stone Mining
福清大冬瓜
12:58 Feudal Age
19:38 Castle Age
18:47 Double-Bit Axe
21:35 Pikeman
27:34 Loom
32:36 Chemistry
Lemon
10:23 Feudal Age
11:11 Loom
11:24 Double-Bit Axe
13:22 Horse Collar
18:53 Forging
20:22 Bloodlines
21:52 Scale Barding Armor
22:50 Gold Mining
25:29 Castle Age
25:31 Wheelbarrow
27:06 Chain Barding Armor
27:15 Husbandry
30:48 Iron Casting
30:21 Heavy Plow
30:32 Bow Saw
30:53 Light Cavalry
38:18 Hand Cart
41:58 Imperial Age
42:17 Szlachta Privileges
42:00 Cavalier
42:01 Winged Hussar
43:43 Blast Furnace
48:09 Conscription
48:12 Lechitic Legacy
48:13 Padded Archer Armor
55:37 Caravan
58:44 Crop Rotation
59:14 Fletching
65:19 Elite Obuch
66:05 Scale Mail Armor
67:02 Chain Mail Armor
Connection lost

Rejoining the realm…

Still unreachable

The connection could not be restored.

Session expired

The server has moved on; the page needs a fresh start.